[Event "ICCopen2017"]
[Site "Internet Chess Club"]
[Date "2017.04.02"]
[Round "5"]
[White "Magagna"]
[Black "mika53"]
[Result "0-1"]
[ICCResult "White resigns"]
[WhiteElo "1745"]
[BlackElo "1954"]
[Opening "Queen's pawn game"]
[ECO "D02"]
[NIC "QP.08"]
[Time "19:53:03"]
[TimeControl "180+0"]

1. d4 d5 2. Nf3 g6 3. Bf4 Bg7 4. e3 Nf6 5. Nbd2 c6 6. c3 Bg4 7. Bd3 Nbd7 8.
h3 Be6 9. O-O h6 10. Re1 g5 11. Bh2 g4 12. hxg4 Nxg4 13. Bf4 Ndf6 14. e4
dxe4 15. Nxe4 Nxe4 16. Bxe4 Nf6 17. Qd3 Nxe4 18. Qxe4 Bd5 19. Qe3 e6 20.
Rad1 Rg8 21. c4 Bxc4 22. Bxh6 Bxh6 23. Qxh6 Bd5 24. Re3 Qe7 25. a3 O-O-O 26.
Rde1 Rg6 27. Qh4 Rxg2+ 28. Kf1 Qxh4 29. Nxh4 Rg4 30. Nf3 Bc4+ {White
resigns} 0-1

[Event "ICCopen2017"]
[Site "Internet Chess Club"]
[Date "2017.04.02"]
[Round "5"]
[White "frentz"]
[Black "Dewey"]
[Result "1-0"]
[ICCResult "Black resigns"]
[WhiteElo "1910"]
[BlackElo "1370"]
[Opening "Philidor: exchange variation"]
[ECO "C41"]
[NIC "KP.08"]
[Time "19:54:04"]
[TimeControl "180+0"]

1. e4 e5 2. Nf3 d6 3. d4 exd4 4. Nxd4 Bd7 5. Bc4 Be7 6. O-O Nf6 7. Re1 O-O
8. Nc3 a6 9. a3 Nc6 10. Nf5 Ne5 11. Ba2 g6 12. Nxe7+ Qxe7 13. Bg5 Kg7 14.
Qd2 Rh8 15. Bh6+ Kg8 16. h3 Bc6 17. Qf4 Nh5 18. Qd2 Bd7 19. Nd5 Qd8 20. Bg5
f6 21. Nxf6+ Kg7 22. Nxh5+ {Black resigns} 1-0

[Event "ICCopen2017"]
[Site "Internet Chess Club"]
[Date "2017.04.02"]
[Round "5"]
[White "Kiketf"]
[Black "Shech"]
[Result "1-0"]
[ICCResult "Black resigns"]
[WhiteElo "2160"]
[BlackElo "2425"]
[Opening "Queen's pawn: London system"]
[ECO "A45"]
[NIC "QP.07"]
[Time "19:52:48"]
[TimeControl "180+0"]

1. d4 Nf6 2. Bf4 d6 3. c3 g6 4. Nf3 Bg7 5. h3 O-O 6. Nbd2 Nbd7 7. e4 c5 8.
dxc5 Nxc5 9. Qc2 e5 10. Be3 Ne6 11. Bc4 Nh5 12. O-O Nef4 13. Rfd1 Be6 14.
Bxe6 fxe6 15. Bxf4 Nxf4 16. Nh2 Qg5 17. Ng4 h5 18. Nf3 Qe7 19. Ngh2 d5 20.
g3 Nxh3+ 21. Kg2 Ng5 22. Nxg5 Qxg5 23. exd5 h4 24. Qe4 Rxf2+ 25. Kxf2 Qxg3+
26. Ke2 Qxh2+ 27. Kd3 exd5 28. Qxd5+ Kh7 29. Rd2 Qf4 30. Kc2 e4 31. Re1 e3
32. Rde2 Re8 33. Qd3 h3 34. Rxe3 Rxe3 35. Qxe3 h2 36. Qxf4 {Black resigns}
1-0

[Event "ICCopen2017"]
[Site "Internet Chess Club"]
[Date "2017.04.02"]
[Round "5"]
[White "sacov"]
[Black "TaijiChess22"]
[Result "1-0"]
[ICCResult "Black forfeits on time"]
[WhiteElo "2198"]
[BlackElo "1778"]
[Opening "QGD semi-Slav"]
[ECO "D43"]
[NIC "QI.01"]
[Time "19:52:20"]
[TimeControl "180+0"]

1. d4 Nf6 2. Nf3 e6 3. c4 d5 4. Nc3 c6 5. Bg5 Be7 6. e3 O-O 7. Bxf6 Bxf6 8.
Bd3 dxc4 9. Bxc4 b5 10. Bd3 Nd7 11. h4 e5 12. Bxh7+ Kxh7 13. Ng5+ Kh6 14.
Qc2 g6 15. f4 exf4 16. exf4 Qe7+ 17. Kf1 Bxd4 18. h5 Qe3 19. hxg6+ Kg7 20.
Rh7+ Kf6 21. Nce4+ Ke7 22. Qxc6 Qg1+ 23. Ke2 Qe3+ 24. Kd1 Ne5 25. Qd6+ Ke8
26. gxf7+ Nxf7 27. Qc6+ Bd7 28. Qxa8+ Ke7 29. Qd5 Qd3+ 30. Nd2 Bg4+ 31. Nf3
Bxf3+ 32. gxf3 {Black forfeits on time} 1-0

[Event "ICCopen2017"]
[Site "Internet Chess Club"]
[Date "2017.04.02"]
[Round "5"]
[White "cheslikeyomama"]
[Black "Bishopmate"]
[Result "1-0"]
[ICCResult "Black resigns"]
[WhiteElo "1410"]
[BlackElo "1252"]
[Opening "Queen's pawn game"]
[ECO "D00"]
[NIC "QP.08"]
[Time "19:53:16"]
[TimeControl "180+0"]

1. d4 d5 2. e3 Nf6 3. f4 e6 4. Nf3 c5 5. c3 c4 6. Be2 b5 7. O-O Bb7 8. a4 a6
9. axb5 axb5 10. Rxa8 Bxa8 11. Ne5 Nbd7 12. Nd2 Ne4 13. Qc2 Nxd2 14. Bxd2 f6
15. Ng4 h5 16. Nf2 e5 17. Qg6+ Ke7 18. fxe5 Qe8 19. Qf5 fxe5 20. dxe5 Kd8
21. e4 Qxe5 22. Bg5+ Be7 23. Bxe7+ Kxe7 24. Qg5+ Nf6 25. Qxe5+ {Black
resigns} 1-0

[Event "ICCopen2017"]
[Site "Internet Chess Club"]
[Date "2017.04.02"]
[Round "5"]
[White "Federicov"]
[Black "Last7Samurai"]
[Result "1/2-1/2"]
[ICCResult "Game drawn by repetition"]
[WhiteElo "3081"]
[BlackElo "2697"]
[Opening "French: Tarrasch, open variation"]
[ECO "C07"]
[NIC "FR.18"]
[Time "19:53:49"]
[TimeControl "180+0"]

1. e4 e6 2. d4 d5 3. Nd2 c5 4. Ngf3 Nf6 5. e5 Nfd7 6. c3 Nc6 7. Bd3 g6 8. h4
Qb6 9. Kf1 h6 10. dxc5 Nxc5 11. Bc2 Bg7 12. Qe2 Nd7 13. Nb3 Ndxe5 14. Be3
Qa6 15. Qxa6 bxa6 16. h5 g5 17. Re1 Nxf3 18. gxf3 Bd7 19. f4 gxf4 20. Bxf4
Ne7 21. Nc5 Bb5+ 22. Kg2 Rc8 23. Nb7 Kd7 24. Nd6 Rcf8 25. Nxb5 axb5 26. Bd3
a6 27. a4 bxa4 28. Ra1 e5 29. Bg3 f5 30. Rxa4 f4 31. Bh4 Bf6 32. Rxa6 Rhg8+
33. Kf1 Bxh4 34. Rxh4 Rb8 35. Ra7+ Ke6 36. Ra6+ Kd7 37. Ra7+ Ke6 38. Ra6+
Kd7 {Game drawn by repetition} 1/2-1/2

[Event "ICCopen2017"]
[Site "Internet Chess Club"]
[Date "2017.04.02"]
[Round "5"]
[White "chess-caleb"]
[Black "eltigrecu"]
[Result "0-1"]
[ICCResult "White resigns"]
[WhiteElo "1724"]
[BlackElo "1936"]
[Opening "Sicilian: Pelikan (Lasker/Sveshnikov) variation"]
[ECO "B33"]
[NIC "SI.35"]
[Time "19:52:23"]
[TimeControl "180+0"]

1. e4 c5 2. Nf3 Nc6 3. d4 cxd4 4. Nxd4 Nf6 5. Nc3 e5 6. Ndb5 d6 7. Nd5 Nxd5
8. exd5 Nb8 9. c4 a6 10. Nc3 Be7 11. Be2 O-O 12. O-O f5 13. f4 Bf6 14. Be3
Nd7 15. Qc2 g6 16. Kh1 Rb8 17. a4 a5 18. Nb5 Nc5 19. Bxc5 dxc5 20. Rad1 e4
21. Nc3 Bd7 22. d6 Bc6 23. Qb3 Qd7 24. Qb6 Bd4 25. Rxd4 cxd4 26. Qxd4 Rbd8
27. c5 b6 28. Bc4+ Rf7 29. Bxf7+ Kxf7 30. Rd1 bxc5 31. Qxc5 Bxa4 32. Qxa5
Bxd1 33. Qd5+ Qe6 34. Qxd1 Rxd6 35. Qa4 Ra6 36. Qc2 Ra1+ 37. Nd1 Qd5
{White resigns}
0-1

[Event "ICCopen2017"]
[Site "Internet Chess Club"]
[Date "2017.04.02"]
[Round "5"]
[White "takes-takes"]
[Black "splashlee2010"]
[Result "1-0"]
[ICCResult "Black checkmated"]
[WhiteElo "1246"]
[BlackElo "1227"]
[Opening "Sicilian defense"]
[ECO "B20"]
[NIC "SI.48"]
[Time "19:52:48"]
[TimeControl "180+0"]

1. e4 c5 2. Bc4 e6 3. c3 a6 4. d4 b5 5. Bb3 cxd4 6. cxd4 Nf6 7. d5 Bb7 8.
dxe6 fxe6 9. f3 Bb4+ 10. Nc3 O-O 11. Bd2 Bc5 12. Nh3 Qb6 13. Qe2 Nc6 14. Nf4
Nd4 15. Qd3 Nxb3 16. axb3 Bf2+ 17. Ke2 Bc6 18. Rhf1 Bc5 19. e5 Ne8 20. Ne4
Be7 21. Be3 Qb7 22. h4 b4 23. Kf2 Bb5 24. Qc2 Bxf1 25. Rxf1 d5 26. Ng5 Nc7
27. Qxh7# {Black checkmated} 1-0

[Event "ICCopen2017"]
[Site "Internet Chess Club"]
[Date "2017.04.02"]
[Round "5"]
[White "Smelterlife"]
[Black "Kjaan1974"]
[Result "0-1"]
[ICCResult "White checkmated"]
[WhiteElo "351"]
[BlackElo "1510"]
[Opening "KP: Indian opening"]
[ECO "C20"]
[NIC "KP.10"]
[Time "19:53:45"]
[TimeControl "180+0"]

1. e4 e5 2. d3 Nc6 3. Bg5 Qxg5 4. h4 Qd8 5. Nf3 d6 6. Be2 h6 7. O-O Be7 8.
Nc3 Nf6 9. d4 exd4 10. Nxd4 Nxd4 11. Qxd4 O-O 12. Qe3 c5 13. Nd5 Nxd5 14.
exd5 Bxh4 15. g3 Bg5 16. f4 Bf6 17. c3 a6 18. a4 Bh3 19. Rf2 Re8 20. Bc4
Rxe3 21. Bf1 Bxf1 22. Rfxf1 Rxg3+ 23. Kf2 Bh4 24. Ke1 Qe7+ 25. Kd1 Qe3 26.
Re1 Qd3+ 27. Kc1 Rg2 28. Rd1 Qc2# {White checkmated} 0-1

[Event "ICCopen2017"]
[Site "Internet Chess Club"]
[Date "2017.04.02"]
[Round "5"]
[White "elifly6"]
[Black "FGM21"]
[Result "0-1"]
[ICCResult "White resigns"]
[WhiteElo "1712"]
[BlackElo "1908"]
[Opening "Scotch: Schmidt variation"]
[ECO "C45"]
[NIC "SO.04"]
[Time "19:52:22"]
[TimeControl "180+0"]

1. e4 e5 2. Nf3 Nc6 3. d4 exd4 4. Nxd4 Nf6 5. Nc3 Bb4 6. Nxc6 bxc6 7. Bd3 d5
8. exd5 cxd5 9. Qe2+ Be6 10. O-O O-O 11. Bg5 Rb8 12. Qf3 Be7 13. b3 h6 14.
Bh4 Rb4 15. Bg3 Bg4 16. Qe3 d4 17. Qd2 dxc3 18. Qxc3 Bd6 19. f3 Be6 20. a3
Rb8 21. Bf2 Nd5 22. Qa5 Nf4 23. Bc4 Bxc4 24. bxc4 Qg5 25. Qxg5 hxg5 26. Bxa7
Ra8 27. Bd4 Rxa3 28. Rxa3 Bxa3 29. Kf2 Ne6 30. Be5 Bc5+ 31. Kg3 Re8 32. Rb1
f6 33. Bc3 Bd6+ 34. Kf2 Nf4 35. g3 Re2+ 36. Kf1 Rxc2 37. Bxf6 gxf6 38. gxf4
Bxf4 {White resigns} 0-1

[Event "ICCopen2017"]
[Site "Internet Chess Club"]
[Date "2017.04.02"]
[Round "5"]
[White "Machinegun"]
[Black "F83"]
[Result "1-0"]
[ICCResult "Black checkmated"]
[WhiteElo "2401"]
[BlackElo "1926"]
[Opening "Sicilian: Kan, 5.Nc3"]
[ECO "B43"]
[NIC "SI.41"]
[Time "19:52:34"]
[TimeControl "180+0"]

1. e4 c5 2. Nf3 e6 3. d4 cxd4 4. Nxd4 a6 5. Nc3 b5 6. g3 Bb7 7. Bg2 b4 8.
Na4 Nf6 9. Qe2 d5 10. exd5 Bxd5 11. Nf3 Bc6 12. b3 Be7 13. Be3 Nbd7 14. Rd1
Qc7 15. Bf4 Qb7 16. c4 bxc3 17. Nxc3 Bb4 18. Bd2 O-O 19. O-O Rfd8 20. Nh4
Bxg2 21. Nxg2 Rac8 22. Rc1 Ne5 23. Qxe5 Rxd2 24. a3 Bxc3 25. Rxc3 Rxc3 26.
Qxc3 h6 27. Qxd2 Qxb3 28. Qd8+ Kh7 29. Qc7 e5 30. Qxe5 Qxa3 31. Qf5+ Kg8 32.
Rd1 Qe7 33. Nf4 g6 34. Nxg6 fxg6 35. Qxg6+ Kf8 36. Qxh6+ Kf7 37. Qd2 Kg6 38.
h4 Kf7 39. Qf4 Kg7 40. Qg5+ Kf7 41. h5 Qe2 42. Qg6+ Ke7 43. Rb1 Qf3 44. h6
Ng4 45. Rb7+ Qxb7 46. Qg7+ Ke6 47. Qxb7 Kf5 48. Qd7+ Ke4 49. Qxg4+ Kd5 50.
Qf5+ Kc6 51. h7 a5 52. h8=Q a4 53. Qh6+ Kb7 54. Qfh7+ Kc8 55. Qf8#
{Black checkmated}
1-0

[Event "ICCopen2017"]
[Site "Internet Chess Club"]
[Date "2017.04.02"]
[Round "5"]
[White "SurferRosa"]
[Black "Vogel"]
[Result "1-0"]
[ICCResult "Black checkmated"]
[WhiteElo "2605"]
[BlackElo "2167"]
[Opening "Queen's pawn game"]
[ECO "D04"]
[NIC "QP.06"]
[Time "19:52:44"]
[TimeControl "180+0"]

1. d4 Nf6 2. Nf3 d5 3. e3 Bg4 4. h3 Bxf3 5. Qxf3 e6 6. c4 c6 7. Nc3 Be7 8.
Bd2 O-O 9. Bd3 dxc4 10. Bxc4 Nbd7 11. O-O e5 12. Rfe1 Nb6 13. Bb3 exd4 14.
exd4 Re8 15. Ne4 Nbd5 16. Rad1 Nxe4 17. Rxe4 Bf6 18. Rde1 Rxe4 19. Qxe4 Qd7
20. g3 g6 21. Kg2 Kg7 22. h4 h5 23. Bc3 Rd8 24. Qf3 Qd6 25. Re4 Kf8 26. Bd2
Bg7 27. Bg5 Re8 28. Rxe8+ Kxe8 29. g4 hxg4 30. Qxg4 Kf8 31. Qc8+ Qd8 32.
Qxd8# {Black checkmated} 1-0

[Event "ICCopen2017"]
[Site "Internet Chess Club"]
[Date "2017.04.02"]
[Round "5"]
[White "Capablancacom"]
[Black "newtonpp"]
[Result "0-1"]
[ICCResult "White checkmated"]
[WhiteElo "1308"]
[BlackElo "1511"]
[Opening "Old Benoni defense"]
[ECO "A43"]
[NIC "OI.09"]
[Time "19:54:00"]
[TimeControl "180+0"]

1. d4 c5 2. f4 cxd4 3. Qxd4 Nc6 4. Qa4 g6 5. Bd2 Bg7 6. Bc3 Nf6 7. Nd2 O-O
8. Ngf3 d5 9. Rd1 Ng4 10. Bxg7 Kxg7 11. Qa3 Qb6 12. e3 Nxe3 13. Ke2 Ng4 14.
Qc3+ f6 15. Nb3 Qf2+ 16. Kd3 Bf5# {White checkmated} 0-1

[Event "ICCopen2017"]
[Site "Internet Chess Club"]
[Date "2017.04.02"]
[Round "5"]
[White "RdgMx"]
[Black "BeerMeUpScotty"]
[Result "1-0"]
[ICCResult "Black resigns"]
[WhiteElo "1855"]
[BlackElo "1621"]
[Opening "Queen's pawn game"]
[ECO "A46"]
[NIC "QP.05"]
[Time "19:54:10"]
[TimeControl "180+0"]

1. d4 Nf6 2. Nf3 e6 3. Bf4 d5 4. e3 c5 5. Ne5 Nc6 6. c3 Bd6 7. Nd2 Qc7 8.
Ndf3 Bd7 9. Bd3 g6 10. Rc1 O-O 11. h4 Ne4 12. Nxd7 Qxd7 13. Bxd6 Qxd6 14.
Bxe4 dxe4 15. Nd2 cxd4 16. cxd4 f5 17. O-O Rad8 18. Qb3 b6 19. Nc4 Qe7 20.
Rfd1 Rc8 21. Ne5 Nxe5 22. dxe5 Rce8 23. g3 Rd8 24. Rc6 Rxd1+ 25. Qxd1 Re8
26. Rd6 Kf7 27. Rd7 {Black resigns} 1-0

[Event "ICCopen2017"]
[Site "Internet Chess Club"]
[Date "2017.04.02"]
[Round "5"]
[White "Mormegil"]
[Black "Zheus"]
[Result "0-1"]
[ICCResult "White resigns"]
[WhiteElo "1759"]
[BlackElo "1997"]
[Opening "Queen's pawn game"]
[ECO "A54"]
[NIC "QP.06"]
[Time "19:54:10"]
[TimeControl "180+0"]

1. d4 Nf6 2. Nf3 d6 3. c4 Nbd7 4. Nc3 e5 5. d5 Be7 6. g3 a5 7. Bg2 Nc5 8.
O-O O-O 9. Bg5 c6 10. b3 cxd5 11. Bxf6 Bxf6 12. Nxd5 Bf5 13. Nd2 Rc8 14. e4
Bg6 15. Qe2 h5 16. Bh3 Rb8 17. f4 exf4 18. Nxf6+ Qxf6 19. gxf4 Qh4 20. Qg2
Bxe4 21. Nxe4 Nxe4 22. Bf5 Nc5 23. Rad1 Rbd8 24. Be4 Nxe4 25. Qxe4 Rfe8 26.
Qd5 Re2 27. Qh1 Qg4+ {White resigns} 0-1

[Event "ICCopen2017"]
[Site "Internet Chess Club"]
[Date "2017.04.02"]
[Round "5"]
[White "Djukanyc"]
[Black "BoldPlan"]
[Result "0-1"]
[ICCResult "White resigns"]
[WhiteElo "1697"]
[BlackElo "1895"]
[Opening "Alekhine's defense: Balogh variation"]
[ECO "B03"]
[NIC "AL.09"]
[Time "19:53:16"]
[TimeControl "180+0"]

1. e4 Nf6 2. e5 Nd5 3. d4 d6 4. Bc4 Nb6 5. Bb3 dxe5 6. Qh5 g6 7. Qf3 e6 8.
dxe5 Nc6 9. Bf4 Nd4 10. Qe4 Nxb3 11. axb3 Qd5 12. Nc3 Qxe4+ 13. Nxe4 Be7 14.
h4 Nd5 15. Bd2 a6 16. c4 Nb4 17. Ke2 Nc2 18. Rc1 Nd4+ 19. Kd3 Nxb3 20. Rd1
Nxd2 21. Rxd2 Bd7 22. h5 g5 23. h6 O-O-O 24. Nf3 {White resigns} 0-1

[Event "ICCopen2017"]
[Site "Internet Chess Club"]
[Date "2017.04.02"]
[Round "5"]
[White "volver"]
[Black "blackending"]
[Result "0-1"]
[ICCResult "White checkmated"]
[WhiteElo "1310"]
[BlackElo "1509"]
[Opening "King's Indian: London system"]
[ECO "A48"]
[NIC "QP.03"]
[Time "19:52:22"]
[TimeControl "180+0"]

1. d4 Nf6 2. Nf3 g6 3. Bf4 Bg7 4. c3 O-O 5. h3 d6 6. Nbd2 Nbd7 7. e4 Re8 8.
Bd3 e5 9. Bg3 exd4 10. cxd4 c5 11. d5 a6 12. Bxd6 b5 13. O-O c4 14. Bc2 Nb6
15. Bg3 Nh5 16. Bh2 Bxb2 17. Rb1 c3 18. Nb3 Nc4 19. Nbd4 Bd7 20. Re1 Rc8 21.
Bb3 Na3 22. Rxb2 cxb2 23. Nd2 Qg5 24. N4f3 Qe7 25. Nb1 Nxb1 26. Qxb1 Qa3 27.
g4 Rc1 28. Rxc1 bxc1=Q+ 29. Qxc1 Qxc1+ 30. Kg2 Nf4+ 31. Bxf4 Qxf4 32. Nd4
Qxe4+ 33. Nf3 Bxg4 34. hxg4 Qxg4+ 35. Kf1 Qxf3 36. d6 Rd8 37. d7 Rxd7 38.
Bc2 Rd2 39. Bb3 Qxf2# {White checkmated} 0-1

[Event "ICCopen2017"]
[Site "Internet Chess Club"]
[Date "2017.04.02"]
[Round "5"]
[White "olimpus"]
[Black "TerryR"]
[Result "0-1"]
[ICCResult "White resigns"]
[WhiteElo "2679"]
[BlackElo "2630"]
[Opening "French: Chigorin variation"]
[ECO "C00"]
[NIC "FR.01"]
[Time "19:53:18"]
[TimeControl "180+0"]

1. e4 e6 2. Qe2 c5 3. g3 Nc6 4. c3 g6 5. d3 Bg7 6. h4 h6 7. h5 g5 8. f4 d6
9. Nf3 gxf4 10. gxf4 Nf6 11. Na3 a6 12. e5 dxe5 13. fxe5 Nd5 14. Nc4 Bf8 15.
a4 b6 16. Nfd2 Qc7 17. Bg2 Bb7 18. Bxd5 exd5 19. Nd6+ Kd8 20. Nxb7+ Qxb7 21.
Nf3 Qd7 22. Bd2 Be7 23. d4 Kc7 24. Rf1 Kb7 25. Qd3 c4 26. Qc2 Rag8 27. Bf4
Na5 28. Nd2 Rg2 29. Qd1 Bh4+ {White resigns} 0-1

[Event "ICCopen2017"]
[Site "Internet Chess Club"]
[Date "2017.04.02"]
[Round "5"]
[White "Chamanx"]
[Black "BirchRun"]
[Result "1-0"]
[ICCResult "Black resigns"]
[WhiteElo "1392"]
[BlackElo "1584"]
[Opening "Scandinavian defense"]
[ECO "B01"]
[NIC "SD.03"]
[Time "19:53:28"]
[TimeControl "180+0"]

1. e4 d5 2. exd5 Nf6 3. Nc3 Nxd5 4. Bc4 c6 5. Nf3 Bg4 6. h3 Bh5 7. g4 Bg6 8.
d3 e6 9. Bg5 Be7 10. Bxe7 Qxe7 11. Nxd5 exd5+ 12. Kd2 dxc4 13. Re1 Nd7 14.
Rxe7+ Kxe7 15. Nh4 cxd3 16. Nxg6+ hxg6 17. cxd3 Rxh3 18. Qe2+ Kf8 19. Re1
Nf6 20. Qe7+ Kg8 21. Qxb7 Rd8 22. Qb3 Ne4+ 23. Rxe4 g5 24. Re7 Rf8 25. Rxa7
Rh2 26. Re7 Rxf2+ 27. Re2 Rf4 28. Rg2 g6 29. Qc3 f6 30. Qxc6 Rf7 31. Qe8+
Kg7 32. Rh2 {Black resigns} 1-0

[Event "ICCopen2017"]
[Site "Internet Chess Club"]
[Date "2017.04.02"]
[Round "5"]
[White "fredx"]
[Black "hipopotamos"]
[Result "0-1"]
[ICCResult "White checkmated"]
[WhiteElo "1013"]
[BlackElo "1191"]
[Opening "Queen's pawn, Mason variation"]
[ECO "D00"]
[NIC "QP.08"]
[Time "19:54:05"]
[TimeControl "180+0"]

1. d4 d5 2. Bf4 Nc6 3. e3 Nf6 4. c4 dxc4 5. Bxc4 Bg4 6. Ne2 e6 7. O-O Bd6 8.
Nbc3 Bxf4 9. exf4 Nd7 10. Qb3 O-O 11. Qxb7 Na5 12. Qb4 Nxc4 13. Qxc4 Qh4 14.
Ng3 Nf6 15. Qxc7 Rad8 16. a4 Rxd4 17. Qxa7 Rc4 18. Qe3 Rfc8 19. a5 R4c5 20.
a6 Rh5 21. h3 Bxh3 22. gxh3 Qxh3 23. f3 Qh2# {White checkmated} 0-1

[Event "ICCopen2017"]
[Site "Internet Chess Club"]
[Date "2017.04.02"]
[Round "5"]
[White "kaimann"]
[Black "Sc6"]
[Result "0-1"]
[ICCResult "White checkmated"]
[WhiteElo "1888"]
[BlackElo "1724"]
[Opening "Benko's opening"]
[ECO "A00"]
[NIC "VO.09"]
[Time "19:54:30"]
[TimeControl "180+0"]

1. g3 Nf6 2. Bg2 g6 3. e4 d6 4. d4 Bg7 5. Ne2 O-O 6. O-O c6 7. c3 e5 8. h3
Re8 9. d5 Nbd7 10. c4 Nc5 11. Nbc3 cxd5 12. cxd5 b6 13. Kh2 Ba6 14. Re1 Nd3
15. Rf1 Nxc1 16. Rxc1 Rc8 17. Re1 Qd7 18. Qd2 Rc7 19. f4 Nh5 20. f5 Rec8 21.
g4 Nf4 22. Nxf4 exf4 23. Bf3 Qe7 24. Kg2 Qh4 25. Qxf4 Be5 26. Qe3 Qg3+ 27.
Kh1 Qh2# {White checkmated} 0-1

[Event "ICCopen2017"]
[Site "Internet Chess Club"]
[Date "2017.04.02"]
[Round "5"]
[White "Assured"]
[Black "CaptainArcher"]
[Result "1/2-1/2"]
[ICCResult "Game drawn by repetition"]
[WhiteElo "2809"]
[BlackElo "2252"]
[Opening "Bogo-Indian defense, Grünfeld variation"]
[ECO "E11"]
[NIC "QI.01"]
[Time "19:53:42"]
[TimeControl "180+0"]

1. d4 Nf6 2. c4 e6 3. Nf3 Bb4+ 4. Nbd2 b6 5. a3 Bxd2+ 6. Qxd2 Bb7 7. e3 d6
8. Be2 Nbd7 9. O-O O-O 10. b4 Ne4 11. Qc2 f5 12. d5 e5 13. Nd2 Nxd2 14. Bxd2
Qe7 15. Bd3 e4 16. Be2 Ne5 17. f4 exf3 18. gxf3 c6 19. dxc6 Bxc6 20. Rf2 Rf6
21. Raf1 Raf8 22. Rg2 Rg6 23. Bc3 Rxg2+ 24. Kxg2 Qg5+ 25. Kf2 Qh4+ 26. Kg1
Qg5+ 27. Kf2 Qh4+ 28. Kg1 Qg5+ 29. Kf2 Qh4+ 30. Kg1 Qg5+ 31. Kf2
{Game drawn by repetition}
1/2-1/2

[Event "ICCopen2017"]
[Site "Internet Chess Club"]
[Date "2017.04.02"]
[Round "5"]
[White "yummy2"]
[Black "Kheshig"]
[Result "0-1"]
[ICCResult "White resigns"]
[WhiteElo "2689"]
[BlackElo "2656"]
[Opening "Caro-Kann: two knights variation"]
[ECO "B11"]
[NIC "CK.01"]
[Time "19:53:16"]
[TimeControl "180+0"]

1. e4 c6 2. Nc3 d5 3. Nf3 Nf6 4. e5 Ne4 5. Ne2 Qb6 6. d4 e6 7. Nfg1 f6 8. f3
Ng5 9. exf6 gxf6 10. f4 Nf7 11. Nf3 e5 12. fxe5 fxe5 13. dxe5 Bg7 14. e6
Bxe6 15. Nf4 Bg4 16. c3 O-O 17. Be2 Nd7 18. h3 Bxf3 19. Bxf3 Rae8+ 20. Be2
Ng5 21. Rf1 Ne4 22. Qd3 Ne5 23. Qc2 Bf6 24. Bd2 Bh4+ 25. Kd1 Ng3 26. Re1 Qf2
27. b3 Rxf4 28. Bxf4 Qxf4 29. Bg4 Ne4 {White resigns} 0-1

[Event "ICCopen2017"]
[Site "Internet Chess Club"]
[Date "2017.04.02"]
[Round "5"]
[White "Trentosk"]
[Black "nekochabo"]
[Result "0-1"]
[ICCResult "White checkmated"]
[WhiteElo "2502"]
[BlackElo "2697"]
[Opening "Sicilian: Kan, 5.Nc3"]
[ECO "B43"]
[NIC "SI.44"]
[Time "19:52:49"]
[TimeControl "180+0"]

1. e4 c5 2. Nc3 e6 3. Nf3 a6 4. d4 cxd4 5. Nxd4 b5 6. Bd3 Qb6 7. Nf3 Qc7 8.
O-O Bb7 9. Re1 Be7 10. a4 b4 11. Ne2 Nc6 12. Ng3 h5 13. h4 Nf6 14. Bg5 Ng4
15. Bxe7 Nxe7 16. Qd2 Qc5 17. Rac1 Bc6 18. c3 b3 19. Ra1 a5 20. Nd4 Ng6 21.
Nxb3 Qe7 22. Qg5 Nxh4 23. Qxe7+ Kxe7 24. Nd4 Ng6 25. Bb5 h4 26. Nf1 Bb7 27.
b4 h3 28. gxh3 Rxh3 29. f3 N4e5 30. Kf2 Nf4 31. Rad1 g5 32. Ne2 Rah8 33.
Nxf4 gxf4 34. bxa5 Rxf3+ 35. Ke2 Rxc3 36. Kd2 Ra3 37. a6 Nf3+ 38. Kc1 Bxa6
39. Bxa6 Nxe1 40. Rxe1 Rxa4 41. Bd3 Rh3 42. Bc2 Rc4 43. Nd2 Rc5 44. Kd1 Rhc3
45. Bb1 f3 46. Rf1 Rc1# {White checkmated} 0-1

[Event "ICCopen2017"]
[Site "Internet Chess Club"]
[Date "2017.04.02"]
[Round "5"]
[White "ChessOptimist"]
[Black "nino-dg"]
[Result "0-1"]
[ICCResult "White checkmated"]
[WhiteElo "2034"]
[BlackElo "2380"]
[Opening "Bird's opening"]
[ECO "A03"]
[NIC "VO.07"]
[Time "19:52:22"]
[TimeControl "180+0"]

1. f4 d5 2. g3 Nf6 3. Nh3 Nc6 4. d4 Ne4 5. Nf2 Nxf2 6. Kxf2 Bf5 7. Bg2 h5 8.
e3 Qd7 9. h3 f6 10. c3 e5 11. Nd2 O-O-O 12. Nf3 exf4 13. exf4 g5 14. fxg5
fxg5 15. Bxg5 Re8 16. Qd2 Bd6 17. Rae1 Be4 18. Bf4 Ref8 19. Rhf1 h4 20. Kg1
hxg3 21. Ne5 Nxe5 22. Bxe5 Bxe5 23. dxe5 Bxg2 24. Qxg2 Rfg8 25. e6 Qe7 26.
Rf7 Qc5+ 27. Kf1 Qc4+ 28. Re2 d4 29. Rf4 Qd3 30. Rxd4 Qb1+ 31. Re1 Rf8+ 32.
Ke2 Qxb2+ 33. Rd2 Qb5+ 34. Kd1 Qb1+ 35. Ke2 Rf2+ 36. Qxf2 Qb5+ 37. Kd1 gxf2
38. Rxf2 Qb1+ 39. Kd2 Rd8+ 40. Ke2 Qd3# {White checkmated} 0-1

[Event "ICCopen2017"]
[Site "Internet Chess Club"]
[Date "2017.04.02"]
[Round "5"]
[White "jefferyx"]
[Black "manusupergm2001"]
[Result "1-0"]
[ICCResult "Black forfeits on time"]
[WhiteElo "2777"]
[BlackElo "2217"]
[Opening "Sicilian: Nimzovich-Rossolimo attack (without ...d6)"]
[ECO "B30"]
[NIC "SI.31"]
[Time "19:52:31"]
[TimeControl "180+0"]

1. e4 c5 2. Nf3 Nc6 3. Bb5 e6 4. O-O Nge7 5. d4 cxd4 6. Nxd4 Qb6 7. Nxc6
Nxc6 8. Nc3 Bb4 9. Bd3 O-O 10. Qg4 Ne5 11. Qg3 Nxd3 12. Bh6 Qd4 13. cxd3
Bxc3 14. bxc3 Qf6 15. Bf4 b6 16. a4 Ba6 17. a5 Rfc8 18. axb6 axb6 19. Rfb1
d5 20. Rxb6 Qxc3 21. Rd1 Qc2 22. Rbb1 f6 23. e5 f5 24. h4 Rc3 25. Rdc1 Qxd3
26. Rxc3 Qxb1+ 27. Kh2 Rc8 28. Ra3 Bf1 29. Ra7 g6 30. h5 Kh8 31. hxg6 h5 32.
Qg5 Kg8 33. Rg7+ Kxg7 34. Qf6+ Kg8 35. Qf7+ Kh8 36. g7+ {Black forfeits on
time} 1-0

[Event "ICCopen2017"]
[Site "Internet Chess Club"]
[Date "2017.04.02"]
[Round "5"]
[White "MATEPROOF"]
[Black "ALexiz"]
[Result "1-0"]
[ICCResult "Black resigns"]
[WhiteElo "2002"]
[BlackElo "1741"]
[Opening "QGD: classical variation (5.Bf4)"]
[ECO "D37"]
[NIC "QO.03"]
[Time "19:52:54"]
[TimeControl "180+0"]

1. Nf3 d5 2. d4 e6 3. c4 Nf6 4. Nc3 Be7 5. Bf4 O-O 6. e3 c5 7. dxc5 Bxc5 8.
Be2 dxc4 9. Bxc4 Qxd1+ 10. Rxd1 Nc6 11. O-O a6 12. a3 b5 13. Ba2 Bb7 14. Rc1
Be7 15. Ne2 Rac8 16. Rc2 Na5 17. Rc7 Rxc7 18. Bxc7 Nc6 19. Rc1 Rc8 20. Bg3
Na5 21. Bc7 Nc6 22. Bb6 Nb8 23. Bc7 Nbd7 24. h3 Bxf3 25. gxf3 h6 26. b4 Nf8
27. Be5 Rxc1+ 28. Nxc1 N8d7 29. Bd4 Nd5 30. Bxd5 exd5 31. Ne2 Bf6 32. Kf1
Bxd4 33. Nxd4 Nf6 34. Ke2 Kf8 35. Kd3 Ke7 36. Nc6+ Kd6 37. Nb8 a5 38. bxa5
Kc5 39. Na6+ Kc6 40. Nb4+ Kc5 41. Na6+ Kc6 42. Kd4 g5 43. Nb4+ Kd6 44. a6
Kc7 45. Nxd5+ Nxd5 46. Kxd5 Kb6 47. a7 Kxa7 48. Kc6 Ka6 49. e4 Ka5 50. Kc5
Ka4 51. e5 Ka5 52. Kd6 Ka4 53. Ke7 Kxa3 54. Kxf7 b4 55. e6 b3 56. e7 b2 57.
e8=Q b1=Q 58. Qa8+ Kb2 59. Qb8+ Kc2 60. Qxb1+ Kxb1 61. Kg6 Kc2 62. Kxh6 Kd3
63. Kxg5 Ke2 64. f4 Kxf2 65. f5 Kg2 66. h4 {Black resigns} 1-0